 Dungeon Crawl Stone Soup version 0.16-a0-3330-g2931290 (webtiles) character file.

1887 Kemay the Insei (level 9, -4/53 HPs)
             Began as an Octopode Transmuter on Dec 28, 2014.
             Slain by a cyclops (14 damage)
             ... on level 7 of the Dungeon.
             The game lasted 00:28:39 (8509 turns).

Kemay the Insei (Octopode Transmuter)               Turns: 8509, Time: 00:28:39

Health: -4/53      AC:  1    Str:  9    XL:     9   Next: 14%
Magic:  17/17      EV: 16    Int: 20    God:
Gold:   386        SH:  0    Dex: 13    Spells: 3 memorised, 4 levels left

rFire  . . .     SeeInvis .       - Unarmed
rCold  . . .     Clarity  .     (no shield)
rNeg   + . .     SustAb   .     (helmet restricted)
rPois  .         Gourm    .     (no amulet)
rElec  .         Spirit   .     A - ring of stealth
rCorr  .         Warding  .     x - ring of positive energy
rMut   .         Stasis   .     G - ring of flight
MR     .....                    (no ring)
Stlth  +++.......               (no ring)
                                (no ring)
                                (no ring)
                                (no ring)

@: appendage, not resistant to hostile enchantments, fairly stealthy
A: almost no armour, amphibious, 8 rings, constrict 8, beak, tentacle spike 3,
camouflage 1, clever 1, spit poison 1, wild magic 1, gelatinous body 1
a: Spit Poison, End Transformation, Evoke Flight


You were on level 7 of the Dungeon.
You were not hungry.
One of your tentacles had a temporary spike.
You visited 2 branches of the dungeon, and saw 8 of its levels.

You collected 386 gold pieces.

Inventory:

Hand weapons
 b - a +0 blowgun
Missiles
 m - 4 needles of sleeping
 p - 25 poisoned needles
 v - 8 curare-tipped needles
Jewellery
 i - an uncursed amulet of faith
 x - a ring of positive energy (right tentacle)
 A - a ring of stealth (left tentacle)
 G - a ring of flight (on tentacle)
Magical devices
 t - a wand of paralysis (5)
 z - a wand of flame (28)
 D - a wand of magic darts (27)
 K - a wand of draining (7)
Scrolls
 r - 3 scrolls of recharging
 u - a scroll of remove curse
 y - a scroll of fear
 B - a scroll of enchant armour
Potions
 c - a potion of ambrosia {unknown}
 e - a potion of resistance
 f - a potion of heal wounds
 g - a potion of restore abilities {unknown}
 h - a potion of agility {unknown}
 j - 3 potions of magic {unknown}
 n - a potion of brilliance {unknown}
 o - a potion of poison {unknown}
 q - 2 potions of cancellation
 s - a potion of cure mutation {unknown}
 w - 2 potions of curing
 E - a potion of decay {unknown}
 H - a potion of might {unknown}
Books
 d - a book of Changes

   Spells                             Type                      Level
   a - Beastly Appendage              Transmutation                1
   b - Sticks to Snakes               Transmutation                2
   c - Spider Form                    Transmutation/Poison         3
   d - Ice Form                       Ice/Transmutation            4
   e - Blade Hands                    Transmutation                5
 J - a book of Summonings

   Spells                             Type                      Level
   a - Abjuration                     Summoning                    3
   b - Recall                         Summoning/Translocation      3
   c - Shadow Creatures               Summoning                    5
   d - Summon Demon                   Summoning                    5
   e - Summon Forest                  Summoning/Translocation      5
   f - Monstrous Menagerie            Summoning                    6
Comestibles
 a - 4 bread rations
 k - 2 beef jerkies
 l - a meat ration
 C - 2 royal jellies
 F - 3 fruits
 I - 12 chunks of flesh


   Skills:
 - Level 1.0 Fighting
 * Level 7.2 Dodging
 * Level 7.8 Unarmed Combat
 - Level 3.0 Spellcasting
 + Level 5.6 Transmutations


You had 4 spell levels left.
You knew the following spells:

 Your Spells              Type           Power        Failure   Level  Hunger
a - Beastly Appendage     Trmt           #####.       4%          1    None
b - Ice Form              Ice/Trmt       ###.....     61%         4    ####...
c - Blade Hands           Trmt           #####.....   61%         5    ######.


Dungeon Overview and Level Annotations

Branches:
Dungeon (7/15)             Temple (1/1) D:5

Altars:
Ashenzari
Cheibriados
Dithmenos
Elyvilon
Gozag
Kikubaaqudgha
Makhleb
Nemelex Xobeh
Okawaru
Qazlal
Ru
Trog
Vehumet
Xom
Yredelemnul
Zin
The Shining One

Shops:
D:4 *}*   D:7 [

Annotations:
D:4 Dowan


Innate Abilities, Weirdness & Mutations

You cannot wear most types of armour.
You are amphibious.
You can wear up to eight rings at the same time.
You can use your tentacles to constrict many enemies at once.
Your skin changes colour to match your surroundings (Stealth).
Your rubbery body absorbs attacks (AC +1).
You have a beak for a mouth.
One of your tentacles bears a large vicious spike.
Your mind is acute. (Int +2)
You can spit poison.
Your spells are a little harder to cast, but a little more powerful.


Message History

The cyclops barely misses you.
You barely miss the cyclops. You squeeze the cyclops.
The cyclops is moderately wounded.
The cyclops hits you.
You tentacle-slap the cyclops but do no damage.
You tentacle-slap the cyclops. You squeeze the cyclops.
The cyclops is moderately wounded.
You tentacle-slap the cyclops.
Your tentacle spike misses the cyclops.
You squeeze the cyclops!
The cyclops is severely wounded.
The cyclops hits you!!
Ouch! That really hurt!
* * * LOW HITPOINT WARNING * * *
You bludgeon the cyclops! You peck the cyclops, but do no damage.
The cyclops is severely wounded.
You barely miss the cyclops.
Your tentacle spike misses the cyclops.
You peck the cyclops, but do no damage. Your squeeze misses the cyclops.
The cyclops is severely wounded.
The cyclops hits you!
You die...

#....[.......................
#...#...................).... #.
...##.##.........................
......##..#..##..............p...
............###..([.#......... #.
.#................###...###.....#
###..####..#......##.....##
##..#.[.##.##.(.........#
##.....##.###@..#...###..#
#.......###C......# .....#
#................### ##.....
#...####C#...#.....###...... .##
##................... #.##
###.)...............
#...###..............###.
#...................## #.
##.........###........###.


You could see a cyclops.

Vanquished Creatures
  Pikel (D:7)
  A hippogriff (D:7)
  A sky beast (D:5)
  2 ogres
  A phantom (D:5)
  A necrophage (D:3)
  Blork the orc (D:4)
  2 giant frogs (D:7)
  A crimson imp (D:7)
  2 goliath beetles
  A jelly (D:6)
  An orc priest (D:3)
  A centaur zombie (D:7)
  A giant frog zombie (D:6)
  5 worker ants
  3 sheep (D:7)
  Ijyb (D:2)
  9 adders
  2 giant mites
  2 worms
  An adder zombie (D:6)
  An adder skeleton (D:4)
  5 giant geckos
  An ooze (D:5)
  9 orcs
  A ball python (D:3)
  2 bat skeletons (D:4)
  4 giant cockroaches
  16 hobgoblins
  9 jackals
  6 quokkas
  16 bats
  4 giant newts
  12 goblins
  A jackal zombie (D:5)
  9 kobolds
  7 rats
143 creatures vanquished.

Vanquished Creatures (others)
  A slave (D:7)
  An orc wizard (D:7)
  3 orcs (D:7)
5 creatures vanquished.

Grand Total: 148 creatures vanquished

Notes
Turn   | Place    | Note
--------------------------------------------------------------
     0 | D:1      | Kemay, the Octopode Transmuter, began the quest for the Orb.
     0 | D:1      | Reached XP level 1. HP: 13/13 MP: 3/3
   465 | D:1      | Reached XP level 2. HP: 16/18 MP: 2/4
   946 | D:1      | Gained mutation: Your mind is acute. (Int +2) [potion of mutation]
   946 | D:1      | Gained mutation: You can spit poison. [potion of mutation]
  1225 | D:1      | Reached XP level 3. HP: 23/23 MP: 6/6
  2239 | D:2      | Noticed Ijyb
  2249 | D:2      | Killed Ijyb
  2249 | D:2      | Reached skill level 4 in Unarmed Combat
  2249 | D:2      | Reached XP level 4. HP: 15/28 MP: 5/7
  2843 | D:3      | Noticed a necrophage
  2855 | D:3      | Killed a necrophage
  2855 | D:3      | Reached XP level 5. HP: 13/32 MP: 9/9
  3529 | D:3      | Gained mutation: Your spells are a little harder to cast, but a little more powerful. [potion of mutation]
  3529 | D:3      | Gained mutation: You have a beak for a mouth. [potion of mutation]
  3585 | D:3      | Reached XP level 6. HP: 19/37 MP: 10/10
  3593 | D:3      | Reached skill level 5 in Unarmed Combat
  4098 | D:4      | Found a sacrificial altar of Ru.
  4199 | D:4      | Noticed Dowan
  4210 | D:4      | Found an iron altar of Okawaru.
  4317 | D:4      | Found Kuenaom's Gadget Boutique.
  4327 | D:4      | Found Ywueg's Assorted Antiques.
  4424 | D:4      | Noticed Blork the orc
  4696 | D:4      | You fall through a shaft for 3 floors!
  4749 | D:6      | Found a snail-covered altar of Cheibriados.
  4782 | D:5      | Entered Level 5 of the Dungeon
  5084 | D:4      | Found Etelios' General Store.
  5369 | D:4      | Killed Blork the orc
  5369 | D:4      | Reached XP level 7. HP: 43/43 MP: 14/14
  5544 | D:5      | Learned a level 4 spell: Ice Form
  5550 | D:5      | Learned a level 5 spell: Blade Hands
  5687 | D:5      | Found a staircase to the Ecumenical Temple.
  5732 | Temple   | Entered the Ecumenical Temple
  6151 | D:5      | Found a shadowy altar of Dithmenos.
  6212 | D:5      | Reached skill level 5 in Dodging
  6424 | D:5      | Reached skill level 6 in Unarmed Combat
  6802 | D:6      | Found a sparkling altar of Nemelex Xobeh.
  6815 | D:6      | Reached XP level 8. HP: 43/48 MP: 16/16
  6986 | D:6      | Found a basalt altar of Yredelemnul.
  7171 | D:6      | Found a radiant altar of Vehumet.
  7428 | D:7      | Noticed a hippogriff
  7613 | D:7      | Killed a hippogriff
  7627 | D:7      | Found Kiudata's Armour Shoppe.
  8021 | D:7      | Noticed Pikel
  8039 | D:7      | Killed Pikel
  8039 | D:7      | Reached skill level 7 in Dodging
  8039 | D:7      | Reached skill level 5 in Transmutations
  8039 | D:7      | Reached XP level 9. HP: 26/53 MP: 17/17
  8471 | D:7      | Noticed a cyclops
  8509 | D:7      | Slain by a cyclops

Action                   |  1- 3 |  4- 6 |  7- 9 || total
-------------------------+-------+-------+-------++-------
Melee: Unarmed           |    20 |    92 |   141 ||   253
       Short sword       |    74 |    40 |       ||   114
 Fire: Blowgun           |       |    10 |    25 ||    35
 Cast: Beastly Appendage |    11 |     8 |    17 ||    36
 Abil: End Transformatio |     2 |     3 |     4 ||     9
       Spit Poison       |     4 |     4 |     7 ||    15
Evoke: Wand              |       |     2 |     2 ||     4
  Use: Scroll            |     4 |     7 |     2 ||    13
       Potion            |     1 |     3 |     1 ||     5
 Stab: Sleeping          |     2 |     7 |     9 ||    18
       Paralysed         |       |     6 |       ||     6
  Eat: Chunk             |     4 |    10 |    11 ||    25
